AoeStats
← Deadly_Apostate

Arabia

506795667Analyzed
1v1 RM · 17d ago on Sep 15, 2026· 35m 56s· 2 players
Game mode
Random Map
Map size
Tiny (2 player)
Population
200
Speed
Normal
Resources
Standard
Victory
Conquest
Starting age
Dark Age
Ending age
Imperial Age
RankedLock teamsTeams togetherTeam positionsShared explorationLock speedFull tech treeHidden civsTurbo modeCheats
Victory
Defeat
🇺🇸 Portuguese · United States
1366
+16
🇲🇽 Chinese · Mexico
1366
-16
Deadly_Apostate
7:00 Loom
9:31 Feudal Age
9:58 Double-Bit Axe
9:53 Man-at-Arms
15:24 Arson
16:51 Fletching
22:51 Castle Age
21:24 Horse Collar
22:15 Padded Archer Armor
22:45 Bloodlines
23:17 Elite Skirmisher
23:55 Bodkin Arrow
27:29 Scale Barding Armor
28:30 Chain Barding Armor
VempirE Reider
0:27 Loom
10:22 Feudal Age
15:37 Double-Bit Axe
18:08 Fletching
21:39 Padded Archer Armor
27:27 Castle Age
25:53 Gold Mining
27:33 Crossbowman
28:10 Bodkin Arrow
28:07 Elite Skirmisher
30:31 Wheelbarrow
30:19 Bodkin Arrow
34:54 Scale Barding Armor
Connection lost

Rejoining the realm…

Still unreachable

The connection could not be restored.

Session expired

The server has moved on; the page needs a fresh start.